 Dungeon Crawl Stone Soup version 0.27-a0-1512-g99fd57bada (webtiles) character file.

Game seed: 12636247248244856505

137 Froggeryz the Chopper (level 5, -5/43 HPs)
             Began as a Palentonga Abyssal Knight on July 9, 2021.
             Was a Believer of Lugonu.
             Slain by a scorpion (6 damage)
             ... on level 4 of the Dungeon.
             The game lasted 00:02:39 (2950 turns).

Froggeryz the Chopper (Palentonga Abyssal Knight)   Turns: 2950, Time: 00:02:40

Health: -5/43      AC:  8    Str: 16    XL:     5   Next: 0%
Magic:  15/15      EV:  4    Int: 19    God:    Lugonu [**....]
Gold:   106        SH:  0    Dex:  9    Spells: 4/4 levels left

rFire    . . .     SeeInvis +   a - +1 hand axe
rCold    . . .     Faith    .   (no shield)
rNeg     . . .     Spirit   .   s - +0 chain mail {Will+}
rPois    .         Reflect  .   (no helmet)
rElec    .         Harm     .   p - +0 cloak
rCorr    .         Rampage  .   (no gloves)
Will     +....                  (no barding)
Stlth    ..........             q - amulet of magic regeneration
HPRegen  0.14/turn              i - ring of magical power
MPRegen  0.39/turn              j - +6 ring of intelligence

@: lethally poisoned (-5 -> -6)
A: large, rugged brown scales 3, see invisible, deformed body, roll 1, armoured
tail
a: Rolling Charge, Renounce Religion, Depart the Abyss, Bend Space


You were on level 4 of the Dungeon.
You worshipped Lugonu.
Lugonu was pleased with you.
You visited 1 branch of the dungeon, and saw 4 of its levels.
You visited the Abyss 1 time.

You collected 106 gold pieces.

Inventory:

Hand Weapons
 a - a +1 hand axe (weapon)
Missiles
 t - a throwing net
Armour
 b - a +0 leather armour
 p - a +0 cloak (worn)
 s - a +0 chain mail of willpower (worn)
Jewellery
 i - a ring of magical power (left hand)
 j - a +6 ring of intelligence (right hand)
 q - an amulet of magic regeneration (around neck)
Wands
 l - a wand of acid (5)
Scrolls
 g - 4 scrolls of teleportation
 m - 2 scrolls of noise {unknown}
 n - a scroll of immolation {unknown}
 o - a scroll of identify
Potions
 c - a potion of invisibility {unknown}
 d - a potion of brilliance {unknown}
 e - 4 potions of curing
 f - 2 potions of berserk rage {unknown}
 h - a potion of attraction {unknown}
 k - a potion of lignification {unknown}
 r - a potion of heal wounds {unknown}


   Skills:
 - Level 3.0 Fighting
 * Level 5.2 Axes
 - Level 1.5 Armour
 - Level 0.7 Dodging
 - Level 2.0 Invocations


You had 4 spell levels left.
You didn't know any spells.
Your spell library was empty.

Dungeon Overview and Level Annotations

Branches:
Dungeon (4/15)
 Temple: D:4-7

Altars:
Trog

Annotations:
D:3 2 transporters, hemabe71's ghost, amateur HuAr


Innate Abilities, Weirdness & Mutations

You are completely covered in rugged brown scales. (AC +3, +7% HP)
You have supernaturally acute eyesight. (SInv)
Armour fits poorly on your strangely shaped body.
You can roll at nearby foes to attack.
You have a long armoured tail.


Message History

g - 4 scrolls of teleportation (gained 1)
t - a throwing net A scorpion comes into view.
A scorpion is nearby!
A scorpion is nearby!
The scorpion stings you but does no damage.
The scorpion stings you.
You slash the scorpion!
The scorpion is heavily wounded.
The scorpion stings you.
You are poisoned.
The scorpion poisons you!
You slash the scorpion!
Your tail-slap misses the scorpion.
The scorpion is almost dead.
You feel very sick.
The scorpion stings you but does no damage.
You hit the scorpion but do no damage.
The scorpion is almost dead.
You feel sick. The scorpion barely misses you.
You hit the scorpion.
The scorpion is almost dead.
You feel sick. The scorpion stings you.
You are too injured to fight recklessly!
You are too injured to fight recklessly!
You closely miss the scorpion.
The scorpion is almost dead.
You feel sick. The scorpion stings you!
* * * LOW HITPOINT WARNING * * *
The scorpion stings you!
* * * LOW HITPOINT WARNING * * *
You hit the scorpion but do no damage.
The scorpion is severely wounded.
* * * LOW HITPOINT WARNING * * *
You feel sick.
The scorpion stings you but does no damage.
You hit the scorpion.
The scorpion is almost dead.
* * * LOW HITPOINT WARNING * * *
You feel sick. The scorpion stings you.
You die...

#.# ########..##..#.......#
##.###.........##..#.......#.
##...##.######.####....._.....
........######.####.#.......#
.....<..............#.......#
###.############.#..##.....##
#.# #.#..####.### #.#
#.##........ #.# #@#########.#
#.# #s# .# #. #.# . #.# #.#
#.# #.# ..#


You could see a scorpion.

Vanquished Creatures
  Crazy Yiuf (D:2)
  3 adders (D:3)
  A worm (D:2)
  2 dart slugs
  4 orcs (D:3)
  7 ball pythons
  9 endoplasms
  2 giant cockroaches
  11 hobgoblins
  3 jackals (D:2)
  2 quokkas
  3 bats
  3 frilled lizards
  5 goblins
  4 kobolds
  3 rats
63 creatures vanquished.

Notes
Turn   | Place    | Note
-------+----------+-------------------------------------------
     0 | Abyss:1  | Froggeryz the Palentonga Abyssal Knight began the quest for
                  | the Orb.
     0 | Abyss:1  | Reached XP level 1. HP: 19/19 MP: 2/2
    60 | Abyss:1  | Noticed an ancient zyme
   128 | Abyss:1  | Noticed a small abomination
   133 | D:1      | Escaped the Abyss
   262 | D:1      | Reached XP level 2. HP: 23/25 MP: 3/3
   351 | D:1      | Reached * piety under Lugonu
   363 | D:1      | Reached skill level 3 in Axes
   934 | D:2      | Reached XP level 3. HP: 31/31 MP: 4/4
  1231 | D:2      | Found a faded altar of an unknown god.
  1284 | D:2      | Reached skill level 4 in Axes
  1315 | D:2      | Found a runed translucent door.
  1316 | D:2      | Noticed Crazy Yiuf
  1618 | D:2      | Reached ** piety under Lugonu
  1868 | D:2      | Killed Crazy Yiuf
  1869 | D:2      | Reached XP level 4. HP: 37/37 MP: 5/5
  2067 | D:3      | Reached skill level 5 in Axes
  2421 | D:3      | Found a transporter.
  2423 | D:3      | Noticed hemabe71's ghost (amateur HuAr)
  2451 | D:3      | Found a transporter.
  2481 | D:3      | Reached XP level 5. HP: 16/43 MP: 6/6
  2828 | D:3      | Noticed a sky beast
  2925 | D:4      | Found a bloodstained altar of Trog.
  2949 | D:4      | HP: 2/43 [poisoned by a scorpion]
  2950 | D:4      | Slain by a scorpion

Illustrated notes

Levels and vault maps discovered:
D:1:      lemuel_arrival_hallway, layout_basic
D:2:      layout_loops_ring, hellmonk_ecumenical_altar_lost_god,
          uniq_crazy_yiuf_cottage
D:3:      layout_loops_ring, gammafunk_ghost_arena, roderic_malta_cross
D:4:      layout_loops_ring, old_standard_altar,
          minmay_temple_entry_glassed_door, uniq_edmund, uniq_menkaure,
          uniq_ijyb

Skill      XL: |  1  2  3  4 |
---------------+-------------+-----
Axes           | 3 4 5 |  5.2
Fighting       | |  3.0
Armour         | |  1.5
Dodging        | |  0.7
Invocations    | |  2.0

Action                   |  1- 3 |  4- 6 || total
-------------------------+-------+-------++-------
Melee: Hand axe          |   109 |    54 ||   163
       Tailslap          |    15 |     1 ||    16
Invok: Depart the Abyss  |     1 |       ||     1
 Abil: Rolling Charge    |    14 |     5 ||    19
Evoke: Wand              |     1 |       ||     1
  Use: Scroll            |     2 |       ||     2
Armor: Leather armour    |    36 |    20 ||    56
       Chain mail        |       |     4 ||     4
Dodge: Dodged            |    37 |    16 ||    53

Table legend: (Time is in decaauts)
 A = Elapsed time spent in this place.
 B = Non-inter-level travel time spent in this place.
 C = Inter-level travel time spent in this place.
 D = Time resting spent in this place.
 E = Time spent auto-exploring this place.
 F = Levels seen in this place.
 G = Mean time per level.
                   A        B        C        D        E       F      G
               +--------+--------+--------+--------+--------+-----+--------+
         Total |   2966 |   2865 |    101 |    262 |   2129 |   5 |  593.2 |
       Dungeon |   2833 |   2732 |    101 |    262 |   2069 |   4 |  708.2 |
         Abyss |    133 |    133 |      0 |      0 |     60 |   1 |  133.0 |
               +--------+--------+--------+--------+--------+-----+--------+

Top non-repeatable levels by time:
     D:2: 1067 daAuts
     D:3: 917 daAuts
     D:1: 761 daAuts
 Abyss:1: 133 daAuts
     D:4: 87 daAuts
